 Dungeon Crawl Stone Soup version 0.25-a0-571-gb5e01bddfa (webtiles) character file.

Game seed: 18145698696157826492, levelgen mode: classic

3800 EnegeticOcto the Cleaver (level 9, -3/86 HPs)
             Began as a Deep Dwarf Fighter on Feb 29, 2020.
             Was a Follower of Makhleb.
             Slain by a two-headed ogre
             ... wielding a +0 giant club
              (17 damage)
             ... on level 9 of the Dungeon.
             The game lasted 00:03:25 (4460 turns).

EnegeticOcto the Cleaver (Deep Dwarf Fighter)       Turns: 4460, Time: 00:03:25

Health: -3/86      AC: 15    Str: 22      XL:     9   Next: 96%
Magic:  5/5        EV:  7    Int: 10      God:    Makhleb [*.....]
Gold:   337        SH: 10    Dex: 11 (12) Spells: 8/8 levels left

rFire    . . .     SeeInvis .   a - +1 war axe
rCold    . . .     Gourm    .   c - +0 kite shield
rNeg     . . .     Faith    .   p - +0 plate armour
rPois    .         Spirit   .   s - +1 helmet
rElec    .         Reflect  .   u - scarf {cloud immunity}
rCorr    .         Harm     +   (no gloves)
MR       +....                  (no boots)
Stlth    ..........             t - amulet of harm
HPRegen  0.00/turn              (no ring)
MPRegen  0.09/turn              (no ring)

@: mesmerised, non-regenerating
A: damage resistance, heal wounds, blink, deterioration 1, sense surroundings 2,
no regeneration
a: Heal Wounds, Blink, Renounce Religion


You were on level 9 of the Dungeon.
You worshipped Makhleb.
Makhleb was aware of your devotion.
You were not hungry.

You visited 2 branches of the dungeon, and saw 10 of its levels.

You collected 337 gold pieces.

Inventory:

Hand Weapons
 a - a +1 war axe (weapon)
Armour
 c - a +0 kite shield (worn)
 p - a +0 plate armour (worn)
 s - a +1 helmet (worn)
 u - a scarf of cloud immunity (worn)
Jewellery
 t - an amulet of harm (around neck)
Wands
 f - a wand of paralysis (4)
 i - a wand of flame (38)
 q - a wand of iceblast (9)
Scrolls
 d - a scroll of blinking {@r3}
 g - 6 scrolls of teleportation {@r2}
 o - a scroll of enchant weapon
 r - 2 scrolls of identify {@r1}
 v - a scroll of remove curse {@r6}
 w - a scroll of fear
Potions
 b - 3 potions of heal wounds {@q2}
 h - 3 potions of curing {@q1}
 j - a potion of lignification {@q7}
 k - 2 potions of might {@q3}
 l - a potion of berserk rage
 m - a potion of resistance {@q6}
 n - a potion of haste {@q4}
Comestibles
 e - 26 rations
 x - 4 chunks of flesh


   Skills:
 * Level 7.2 Fighting
 * Level 8.3 Axes
 + Level 6.4 Armour
 + Level 5.5 Dodging
 + Level 6.5 Shields
 * Level 5.4 Invocations


You had 8 spell levels left.
You didn't know any spells.
Your spell library was empty.

Dungeon Overview and Level Annotations

Branches:
Dungeon (9/15)             Temple (1/1) D:7
   Lair: D:8-11         Orc: D:9-12

Altars:
Ashenzari
Cheibriados
Dithmenos
Fedhas
Hepliaklqana
Kikubaaqudgha
Makhleb
Nemelex Xobeh
Okawaru
Qazlal
Ru
Sif Muna
Trog
Uskayaw
Xom
Yredelemnul
Zin
The Shining One

Shops:
D:6 :

Annotations:
D:5 3 runed translucent doors, vurker's ghost, amateur FeAE
D:8 1 runed translucent door, vurker's ghost, novice TeAE
D:9 Maggie


Innate Abilities, Weirdness & Mutations

You are resistant to damage.
You can heal yourself by infusing magical energy.
You passively map the area around you.
You do not regenerate.
You can translocate small distances at will.
Your body sometimes deteriorates upon taking damage.


Message History

No target in view!
No target in view!
No target in view!
Maggie the Vainglorious comes into view.
She is wielding a +1 vorpal glaive.
Maggie shouts!
You hear two shouts!
Maggie mumbles some strange words.
Maggie attempts to bespell you!
You easily resist.
A black bear comes into view.
Found a ration, 19 gold pieces and a leather armour.
There are monsters nearby!
There are monsters nearby!
A two-headed ogre comes into view. It is wielding two +0 giant clubs.
The black bear growls angrily.
Found a stone staircase leading down.
You block Maggie's attack.
You hit the black bear.
The black bear is lightly wounded.
Maggie casts a spell.
Maggie attempts to bespell you! You resist with almost no effort.
You block the black bear's attack.
The black bear claws you but does no damage.
The black bear barely misses you.
The two-headed ogre hits you with a +0 giant club.
The two-headed ogre closely misses you.
You slash the black bear!
The black bear is severely wounded.
You barely miss the two-headed ogre.
Maggie casts a spell.
Maggie attempts to bespell you!
You are mesmerised by Maggie!
The black bear bites you. The black bear claws you.
The black bear claws you but does no damage.
You closely miss the black bear.
The black bear is severely wounded.
You hit the two-headed ogre.
Maggie hits you from afar with a +1 vorpal glaive.
The two-headed ogre hits you with a +0 giant club! x2
You block the black bear's attack.
The black bear claws you but does no damage. x2
You hit the black bear but do no damage.
The black bear is heavily wounded.
You hit the two-headed ogre.
Maggie casts a spell.
Maggie draws you further into her thrall.
You block the two-headed ogre's attack.
The two-headed ogre hits you with a +0 giant club!
The black bear bites you but does no damage.
The black bear claws you but does no damage. x2
You are too injured to fight recklessly!
You are too injured to fight recklessly!
You are too injured to fight recklessly!
You are too injured to fight recklessly!
You are too injured to fight recklessly!
You fail to use your ability.
You are no longer poisoned.
You block Maggie's attack.
The black bear bites you but does no damage.
The black bear barely misses you. x2
The two-headed ogre hits you with a +0 giant club.
* * * LOW HITPOINT WARNING * * *
The two-headed ogre hits you with a +0 giant club!
* * * LOW HITPOINT WARNING * * *
You feel much better.
Maggie mumbles some strange words.
Maggie draws you further into her thrall.
The black bear bites you but does no damage.
You block the black bear's attack. x2; You block the two-headed ogre's attack.
The two-headed ogre hits you with a +0 giant club!
* * * LOW HITPOINT WARNING * * *
Your body deteriorates!
You feel clumsy.
You feel much better. You block Maggie's attack.
You block the black bear's attack. The black bear barely misses you.
The black bear claws you but does no damage.
You feel much better.
The two-headed ogre hits you with a +0 giant club.
The two-headed ogre barely misses you.
The black bear bites you but does no damage.
You block the black bear's attack.
The black bear claws you but does no damage.
Maggie hits you but does no damage.
The two-headed ogre hits you with a +0 giant club!!
The two-headed ogre hits you with a +0 giant club!
Maggie hits you from afar with a +1 vorpal glaive.
* * * LOW HITPOINT WARNING * * *
You closely miss the black bear.
The black bear is heavily wounded.
You slash the two-headed ogre! You block the black bear's attack.
The black bear claws you but does no damage.
You block the black bear's attack.
The two-headed ogre hits you with a +0 giant club.
* * * LOW HITPOINT WARNING * * *
The two-headed ogre hits you with a +0 giant club!
* * * LOW HITPOINT WARNING * * *
You feel much better. Maggie closely misses you. The black bear bites you.
The black bear claws you but does no damage.
The black bear closely misses you.
The two-headed ogre hits you with a +0 giant club!!
* * * LOW HITPOINT WARNING * * *
The two-headed ogre hits you with a +0 giant club!
You die...

, ,, ,,,,, , , ,
, ..........* * *
*, ..........* *
* * ** #........#
*, ##.....>..##
,, . #....[......
*** * #.
*#..........#,
#..##...h@.....#*
, *
#......@O....$.#
*
#.###..........#
* #.........## *
* #...........
##.######### ** *
* #...)## *,, , ,
####..###### ## *
*,* ##......#...
.. ###........# ,


You could see Maggie, a two-headed ogre and a black bear.

Vanquished Creatures
  A two-headed ogre (D:8)
  Pikel (D:6)
  2 water moccasins
  A sky beast (D:8)
  4 slaves (D:6)
  2 ice beasts
  An orc warrior (D:6)
  A phantom (D:9)
  An ogre (D:6)
  3 centaurs
  A big kobold (D:8)
  A gnoll sergeant (D:9)
  3 bullfrogs
  A wight (D:8)
  9 killer bees
  4 howler monkeys
  A crimson imp (D:5)
  2 centaur zombies
  2 hounds
  A jelly (D:6)
  A bullfrog skeleton (D:9)
  An orc priest (D:6)
  An iguana (D:7)
  5 orc wizards (D:4)
  8 worker ants
  A hound zombie (D:7)
  2 hound skeletons (D:6)
  3 gnolls (D:9)
  A howler monkey skeleton (D:6)
  7 adders
  A shadow imp (D:9)
  An adder zombie (D:5)
  2 adder skeletons
  2 worms (D:2)
  4 leopard geckos
  16 orcs
  3 bats
  2 giant cockroaches
  A goblin (D:1)
  4 hobgoblins
  7 jackals
  2 kobolds (D:2)
  4 quokkas
  2 frilled lizards
  A leopard gecko skeleton (D:6)
  A quokka skeleton (D:4)
  3 rats
128 creatures vanquished.

Vanquished Creatures (others)
  A hobgoblin (D:2)
  A kobold (D:2)
2 creatures vanquished.

Grand Total: 130 creatures vanquished

Notes
Turn   | Place    | Note
-------+----------+-------------------------------------------
     0 | D:1      | EnegeticOcto the Deep Dwarf Fighter began the quest for the
                  | Orb.
     0 | D:1      | Reached XP level 1. HP: 20/20 MP: 1/1
    74 | D:2      | Reached XP level 2. HP: 25/27 MP: 2/2
    94 | D:2      | Noticed a howler monkey
   117 | D:2      | Killed a howler monkey
   117 | D:2      | Reached skill level 1 in Dodging
   117 | D:2      | Reached XP level 3. HP: 20/34 MP: 3/3
   124 | D:2      | Reached skill level 3 in Axes
   161 | D:2      | Reached XP level 4. HP: 42/42 MP: 4/4
   205 | D:2      | Found a faded altar of an unknown god.
   589 | D:4      | Reached XP level 5. HP: 30/49 MP: 5/5
   740 | D:4      | Reached skill level 4 in Axes
   898 | D:4      | Found a glowing golden altar of the Shining One.
   898 | D:4      | Found a blossoming altar of Fedhas.
  1072 | D:4      | Reached XP level 6. HP: 56/57 MP: 5/5
  1294 | D:5      | Entered Level 5 of the Dungeon
  1479 | D:5      | Found a runed translucent gate.
  1479 | D:5      | Found a runed translucent gate.
  1479 | D:5      | Found a runed translucent gate.
  1479 | D:5      | Noticed vurker's ghost (amateur FeAE)
  1627 | D:5      | Noticed an ice beast
  1645 | D:5      | Killed an ice beast
  1650 | D:5      | Found an iron altar of Okawaru.
  1751 | D:5      | Found a shadowy altar of Dithmenos.
  1881 | D:5      | Reached XP level 7. HP: 32/66 MP: 5/5
  2012 | D:5      | Found a sacrificial altar of Ru.
  2138 | D:6      | Reached skill level 5 in Axes
  2167 | D:6      | Noticed Pikel
  2208 | D:6      | Killed Pikel
  2208 | D:6      | Reached skill level 5 in Fighting
  2208 | D:6      | Reached skill level 5 in Shields
  2208 | D:6      | Reached XP level 8. HP: 38/74 MP: 5/5
  2240 | D:6      | Reached skill level 6 in Axes
  2240 | D:6      | Reached skill level 5 in Armour
  2246 | D:6      | Found a basalt altar of Yredelemnul.
  2634 | D:6      | Noticed a +0 dagger
  2635 | D:6      | Noticed a +0 dagger
  2637 | D:6      | Found a hide-covered altar of Uskayaw.
  2671 | D:6      | Found Gituenua's Book Shop.
  2849 | D:7      | Gained mutation: You tend to lose your temper in combat.
                  | [potion of mutation]
  2849 | D:7      | Gained mutation: Your flesh is cold resistant. (rC+)
                  | [potion of mutation]
  2849 | D:7      | Gained mutation: You can translocate small distances at
                  | will. [potion of mutation]
  2915 | D:7      | Found a staircase to the Ecumenical Temple.
  2927 | Temple   | Entered the Ecumenical Temple
  2967 | Temple   | Became a worshipper of Makhleb the Destroyer
  3224 | D:7      | Found a shimmering altar of Xom.
  3224 | D:7      | Found a shimmering altar of Xom.
  3224 | D:7      | Found a shimmering altar of Xom.
  3224 | D:7      | Found a shimmering altar of Xom.
  3225 | D:7      | Found a shimmering altar of Xom.
  3228 | D:7      | Lost mutation: Your flesh is cold resistant. (rC+) [potion
                  | of mutation]
  3228 | D:7      | Lost mutation: You tend to lose your temper in combat.
                  | [potion of mutation]
  3228 | D:7      | Gained mutation: Your body sometimes deteriorates upon
                  | taking damage. [potion of mutation]
  3228 | D:7      | Gained mutation: You passively map the area around you.
                  | [potion of mutation]
  3337 | D:8      | Reached skill level 7 in Axes
  3337 | D:8      | Reached skill level 1 in Invocations
  3504 | D:8      | Found a shimmering blue altar of Sif Muna.
  3581 | D:8      | Mutation became permanent: You passively map a small area
                  | around you. [Deep Dwarf growth]
  3581 | D:8      | Gained mutation: You passively map the area around you.
                  | [Deep Dwarf growth]
  3581 | D:8      | Reached XP level 9. HP: 82/82 MP: 4/4
  3710 | D:8      | Noticed a two-headed ogre
  3722 | D:8      | Killed a two-headed ogre
  3722 | D:8      | Reached skill level 5 in Dodging
  3803 | D:8      | Found a shimmering altar of Xom.
  3803 | D:8      | Noticed vurker's ghost (novice TeAE)
  3803 | D:8      | Noticed a +2 mace of chaos
  3804 | D:8      | Found a runed translucent door.
  3914 | D:8      | Found a stormy altar of Qazlal.
  4053 | D:8      | Reached skill level 8 in Axes
  4147 | D:9      | Reached * piety under Makhleb
  4204 | D:9      | Reached skill level 5 in Invocations
  4446 | D:9      | Noticed Maggie
  4447 | D:9      | Noticed a two-headed ogre
  4460 | D:9      | Slain by a two-headed ogre

Levels and vault maps discovered:
D:1:      dpeg_arrival_shelter, layout_basic
D:2:      layout_basic, fiery_altar_vehumet,
          chequers_ecumenical_altar_simple_redux
D:3:      layout_loops_ring, lemuel_crystal_altar, kennysheep_another_room
D:4:      layout_basic, chequers_temple_overflow_statue_of_worship, first_ration
D:5:      layout_loops_corners, nicolae_dithmenos_through_a_glass_darkly,
          okawaru_metal_pillars_1_2, kennysheep_mini_moat,
          gammafunk_ghost_split, eino_small_chamber_without_monster
D:6:      minmay_spotlight, layout_basic, dancing_weapons_uskayaw,
          lemuel_doored_altar, serial_shops, nicolae_shop_trees, uniq_pikel
D:7:      layout_rooms, xom_redecorated, minmay_temple_entry_mini_moons
D:8:      layout_loops_ring, marbit_many_paths, lemuel_blue_sif_altar,
          ebering_ghost_xom, st_stairs_9, blue_anna_alchemist
          [blue_anna_fruit_fields, blue_anna_fruit_fields], item_on_display_b
D:9:      layout_rooms, uniq_maggie
Temple:   eino_wide_crystal_templ

Skill      XL: |  1  2  3  4  5  6  7  8  9 |
---------------+----------------------------+-----
Fighting       | 3 4 5 6 7 |  7.2
Dodging        | 1 2 3 4 5 |  5.5
Axes           | 3 4 5 7 8 |  8.3
Shields        | 4 5 6 |  6.5
Armour         | 4 5 6 |  6.4
Invocations    | 2 5 |  5.4

Action                   |  1- 3 |  4- 6 |  7- 9 || total
-------------------------+-------+-------+-------++-------
Melee: War axe           |    50 |   193 |   369 ||   612
 Abil: Heal Wounds       |     1 |     4 |    28 ||    33
  Use: Scroll            |       |     8 |     9 ||    17
       Potion            |       |       |     2 ||     2
  Eat: Chunk             |       |    14 |     4 ||    18
       Ration            |       |       |     1 ||     1
Armor: Scale mail        |    25 |    62 |    39 ||   126
       Plate armour      |       |       |   225 ||   225
Dodge: Dodged            |    21 |    73 |   185 ||   279
Block: Kite shield       |    28 |   100 |   291 ||   419

Table legend:
 A = Non-vault XP
 B = Vault XP
 C = Vault XP percentage of total XP
 D = Non-vault monster count
 E = Vault monster count
 F = Vault count percentage of total count
                 A         B        C        D         E       F
            +---------+---------+-------+---------+---------+-------
      Total |    4304 |    1125 |  20.7 |     115 |       9 |   7.3
            +---------+---------+-------+---------+---------+-------
        D:1 |       9 |       0 |   0.0 |       5 |       0 |   0.0
        D:2 |     137 |       0 |   0.0 |      17 |       0 |   0.0
        D:3 |      17 |       0 |   0.0 |       4 |       0 |   0.0
        D:4 |     274 |       0 |   0.0 |      15 |       0 |   0.0
        D:5 |     336 |       0 |   0.0 |      12 |       0 |   0.0
        D:6 |     781 |     777 |  49.9 |      16 |       5 |  23.8
        D:7 |     133 |       0 |   0.0 |       9 |       0 |   0.0
        D:8 |    1746 |     348 |  16.6 |      16 |       4 |  20.0
        D:9 |     871 |       0 |   0.0 |      21 |       0 |   0.0
            +---------+---------+-------+---------+---------+-------
